 Dungeon Crawl Stone Soup version 0.30-a0-141-g30f27751c5 (webtiles) character file.

Game seed: 14683914105480793169

45 qw the Chopper (level 3, -5/23 HPs)
             Began as a Gargoyle Fighter on Sept 25, 2022.
             Slain by Terence
             ... wielding a +1 trident of distortion
              (7 damage)
             ... on level 2 of the Dungeon.
             The game lasted 00:00:33 (1427 turns).

qw the Chopper (Gargoyle Fighter)                   Turns: 1427, Time: 00:00:34

Health: -5/23      AC: 11    Str: 21    XL:     3   Next: 64%
Magic:  3/3        EV:  9    Int:  8    God:
Gold:   39         SH:  4    Dex:  9    Spells: 2/2 levels left

rFire   . . .      SeeInvis .    Y - +0 war axe
rCold   . . .      Faith    .    c - +0 buckler
rNeg    + . .      Spirit   .    b - +0 scale mail
rPois   inf        Reflect  .    (no helmet)
rElec   +          Harm     .    (no cloak)
rCorr   .          Rampage  .    a - +0 pair of gloves
Will    .....                    (no boots)
Stlth   ..........               g - amulet of the acrobat
HPRegen 0.07/turn                (no ring)
MPRegen 0.08/turn                (no ring)

@: no status effects
A: sickness immunity, AC +3, negative energy resistance 1, electricity
resistance, torment resistance 1, petrification resistance
a: no special abilities


You were on level 2 of the Dungeon.
You visited 1 branch of the dungeon, and saw 2 of its levels.

You collected 39 gold pieces.


Innate Abilities, Weirdness & Mutations

You are immune to sickness and miasma.
Your stone body is resilient. (AC +3)
You are immune to poison.
You resist negative energy. (rN+)
You are resistant to electric shocks. (rElec)
You are resistant to unholy torment.
You are immune to petrification.


   Skills:
 - Level 3.2 Fighting
 + Level 3.5 Axes
 - Level 3.2 Armour
 - Level 3.2 Shields


You had 2 spell levels left.
You didn't know any spells.
Your spell library was empty.

Inventory:

Hand Weapons
 i - a +0 club
 Y - a +0 war axe (weapon)
Missiles
 e - 3 boomerangs (quivered)
Armour
 a - a +0 pair of gloves (worn)
 b - a +0 scale mail (worn)
 c - a +0 buckler (worn)
Jewellery
 g - an amulet of the acrobat (around neck)
Potions
 d - a potion of might
 f - a potion of mutation {unknown}
 h - a potion of lignification {unknown}
 j - a potion of curing {unknown}

Dungeon Overview and Level Annotations

Branches:
Dungeon (2/15)

Altars:

Annotations:
D:2 Terence


Message History

Done exploring.
1412 ||| UPGRADING to +0 pair of gloves.
You start putting on your armour.
You continue putting on your +0 pair of gloves. x4
You finish putting on your +0 pair of gloves.
Done exploring.
1417 ||| READING scroll labelled XYTOED ZEEPN.
Blink to where?
Press: ? - help, Dir - move target, f - you Are you sure you want to cancel this blink?
As you read the scroll labelled XYTOED ZEEPN, it crumbles to dust.
It was a scroll of blinking.
Done exploring.
(D) Dungeon
Where to? (* - list waypoints, Enter - D:2, ? - help)
What level of the Dungeon? (default 1, ? - help)
You climb downwards.
Level annotation: Terence
There is a stone staircase leading up here.
Terence is nearby!
Terence barely misses you.
You barely miss Terence. Terence barely misses you.
Terence hits you with a +1 trident of distortion.
Space warps around you.
You closely miss Terence. Terence hits you but does no damage.
Space warps around you.
You completely miss Terence. You block Terence's attack.
Terence hits you but does no damage. Space warps around you.
You hit Terence but do no damage. Terence closely misses you.
You completely miss Terence. Terence hits you but does no damage.
Space warps around you.
You barely miss Terence. Terence barely misses you.
Terence completely misses you.
You slash Terence!
Terence is severely wounded.
Terence hits you with a +1 trident of distortion!
You die...

.........# #.#
.#.#.#.#.## #.#
...........# #.#
##.#.#.#.#.## #.#
#...........# #..
##.#.#.#.#.## #..
#...........## #..
##.#.#.#.#.#.# ###..
#...<@.......# #....
###.#.#@#.#.#.# #....
#.......:.....# ####...
#.#.#.#.#.#.#.###....#.
#.................####.
#.#.#.#.#.#.#.@........
#...#.####....###>##...
###...........###.##.##
########....##..##>#


You could see Terence.

Vanquished Creatures
  4 dart slugs (D:1)
  3 endoplasms (D:2)
  A giant cockroach (D:1)
  4 goblins
  5 hobgoblins
  3 jackals (D:1)
  2 kobolds
  3 ball pythons (D:1)
  2 bats
  7 frilled lizards (D:1)
  2 rats (D:1)
36 creatures vanquished.

Notes
Turn   | Place    | Note
-------+----------+-------------------------------------------
     0 | D:1      | qw the Gargoyle Fighter began the quest for the Orb.
     0 | D:1      | Reached XP level 1. HP: 14/14 MP: 1/1
     0 | D:1      | 0 ||| qw: Version: 0.2-a-10-g399e6c4
     0 | D:1      | 0 ||| qw: Game counter: 260
     0 | D:1      | 0 ||| qw: Always use a shield: true
     0 | D:1      | 0 ||| qw: God list: Okawaru
     0 | D:1      | 0 ||| qw: Allow faded altars: false
     0 | D:1      | 0 ||| qw: Do Orc after D:15 true
     0 | D:1      | 0 ||| qw: Do second Lair branch before Depths: true
     0 | D:1      | 0 ||| qw: Lair rune preference: random
     0 | D:1      | 0 ||| qw: Plans: Normal, Zot:1-4, God:TSO, Crypt, Tomb,
                  | Pan, Slime:5, Hells, Abyss, Orb
     0 | D:1      | 0 ||| PLANNING D:1-11
   113 | D:1      | Reached XP level 2. HP: 14/19 MP: 2/2
   365 | D:1      | 365 ||| Stepping ~*~*~tactically~*~*~ (hiding).
   366 | D:1      | 366 ||| Stepping ~*~*~tactically~*~*~ (hiding).
   521 | D:1      | Reached skill level 3 in Axes
   566 | D:1      | Found a faded altar of an unknown god.
   632 | D:1      | Reached XP level 3. HP: 23/23 MP: 3/3
   692 | D:1      | 692 ||| Stepping ~*~*~tactically~*~*~ (hiding).
   795 | D:1      | 795 ||| Stepping ~*~*~tactically~*~*~ (hiding).
  1076 | D:1      | 1076 ||| UPGRADING to amulet of the acrobat.
  1081 | D:1      | 1081 ||| READING scroll labelled AMURPH YM METHRU.
  1106 | D:2      | 1106 ||| STAIRDANCE
  1111 | D:2      | 1111 ||| STAIRDANCE
  1118 | D:2      | 1118 ||| STAIRDANCE
  1174 | D:2      | 1174 ||| Stepping ~*~*~tactically~*~*~ (stealth).
  1175 | D:2      | 1175 ||| Stepping ~*~*~tactically~*~*~ (stealth).
  1245 | D:2      | 1245 ||| Stepping ~*~*~tactically~*~*~ (stealth).
  1246 | D:2      | 1246 ||| Stepping ~*~*~tactically~*~*~ (stealth).
  1249 | D:2      | 1249 ||| Stepping ~*~*~tactically~*~*~ (stealth).
  1336 | D:2      | Noticed Terence
  1342 | D:2      | 1342 ||| FLEEEEING.
  1343 | D:2      | 1343 ||| FLEEEEING.
  1345 | D:2      | 1345 ||| FLEEEEING.
  1346 | D:2      | 1346 ||| FLEEEEING.
  1347 | D:2      | 1347 ||| FLEEEEING.
  1348 | D:2      | 1348 ||| FLEEEEING.
  1349 | D:2      | 1349 ||| FLEEEEING.
  1350 | D:2      | 1350 ||| FLEEEEING.
  1351 | D:2      | 1351 ||| FLEEEEING.
  1352 | D:2      | 1352 ||| FLEEEEING.
  1353 | D:2      | 1353 ||| FLEEEEING.
  1354 | D:2      | 1354 ||| FLEEEEING.
  1355 | D:2      | 1355 ||| FLEEEEING.
  1356 | D:2      | 1356 ||| FLEEEEING.
  1360 | D:2      | 1360 ||| STAIRDANCE
  1412 | D:1      | 1412 ||| UPGRADING to +0 pair of gloves.
  1417 | D:1      | 1417 ||| READING scroll labelled XYTOED ZEEPN.
  1423 | D:2      | HP: 5/23 [Terence/+1 trident of distortion (3)]
  1425 | D:2      | HP: 2/23 [Terence/+1 trident of distortion (4)]
  1427 | D:2      | Slain by Terence

Levels and vault maps discovered:
D:1:      nicolae_arrival_memento_mori, layout_basic,
          chequers_ecumenical_altar_grove, minmay_lizard_pond
D:2:      layout_rooms, st_stairs_11, kennysheep_potato, uniq_terence

Skill      XL: |  1  2 |
---------------+-------+-----
Axes           | 2 3 |  3.5
Fighting       | |  3.2
Armour         | |  3.2
Shields        | |  3.2

Action                   || total
-------------------------++-------
Melee: War axe           ||   117
Throw: Boomerang         ||     1
  Use: Scroll            ||     2
Armor: Scale mail        ||    64
Dodge: Dodged            ||    54
Block: Buckler           ||    22

Table legend:
 A = Non-vault XP
 B = Vault XP
 C = Vault XP percentage of total XP
 D = Non-vault monster count
 E = Vault monster count
 F = Vault count percentage of total count
                 A         B        C        D         E       F
            +---------+---------+-------+---------+---------+-------
      Total |      55 |      10 |  15.4 |      28 |       8 |  22.2
            +---------+---------+-------+---------+---------+-------
        D:1 |      47 |       6 |  11.3 |      23 |       6 |  20.7
        D:2 |       8 |       4 |  33.3 |       5 |       2 |  28.6
            +---------+---------+-------+---------+---------+-------
